Map: Romanticide LE

Players

PartinG

  • Race: Protoss Protoss
  • League: Grandmaster
  • Spawn Location: 11:00

Solar - Winner!

  • Race: Zerg Zerg
  • League: Grandmaster
  • Spawn Location: 5:00

Event: ASUS ROG Online 2020

VOD

Have the link to the VOD?

Description

Time

  • Played on: Nov. 29, 2020, 8:46 a.m.
  • Length: 13:15

All games in this series

Show
View Real Time Build Order
Export as new Build Order

PartinG Protoss 

Build Orders: 1 Gate Expand 

Get SALT Encoding   

  12  0:00  Probe  
  13  0:12  Probe  
  14  0:17  Pylon  
  14  0:24  Probe (Chrono Boost)  
  15  0:36  Gateway, Probe (Chrono Boost)  
  16  0:45  Probe (Chrono Boost)  
  16  0:46  Assimilator  
  17  0:50  Probe  
  18  1:03  Probe  
  19  1:15  Probe  
  20  1:23  Nexus  
  20  1:32  Cybernetics Core  
  20  1:35  Probe  
  21  1:41  Assimilator  
  21  1:47  Probe  
  21  1:49  Pylon  
  22  1:59  Probe  
  23  2:06  Adept (Chrono Boost)  
  23  2:09  Warp Gate  
  23  2:11  Probe  
  26  2:23  Probe  
  26  2:26  Stargate  
  27  2:31  Adept  
  27  2:35  Probe (Chrono Boost)  
  31  2:37  Probe (Chrono Boost)  
  32  2:46  Probe (Chrono Boost)  
  32  2:47  Probe (Chrono Boost)  
  33  2:52  Probe x2 (Chrono Boost)  
  33  2:57  Gateway  
  35  3:02  Void Ray (Chrono Boost), Probe x2  
  41  3:14  Probe x2  
  43  3:23  Pylon  
  43  3:25  Pylon  
  43  3:28  Probe x2  
  43  3:33  Void Ray (Chrono Boost)  
  45  3:42  Probe x2  
  51  3:51  Nexus  
  51  3:52  Pylon  
  52  3:58  Shield Battery  
  51  4:04  Twilight Council  
  51  4:08  Adept x2  
  55  4:17  Gateway  
  55  4:18  Gateway  
  55  4:21  Probe x2  
  57  4:25  Assimilator  
  57  4:29  Assimilator  
  57  4:32  Resonating Glaives (Chrono Boost)  
  57  4:36  Adept x2  
  57  4:38  Pylon  
  61  4:42  Probe x2  
  63  4:54  Assimilator, Probe  
  63  4:55  Probe  
  63  4:58  Assimilator  
  65  5:02  Adept x2  
  65  5:04  Pylon  
  65  5:06  Probe  
  71  5:07  Probe  
  71  5:09  Probe  
  71  5:12  Adept  
  71  5:13  Adept  
  76  5:23  Adept x2  
  76  5:25  Probe x2  
  82  5:29  Probe  
  82  5:30  Pylon  
  83  5:37  Probe  
  83  5:39  Adept x2  
  83  5:42  Probe x2  
  90  5:46  Adept x2  
  90  5:49  Probe  
  95  5:54  Probe  
  96  6:00  Blink (Chrono Boost)  
  96  6:01  Probe  
  97  6:05  Forge  
  97  6:06  Probe x2  
  97  6:07  Robotics Facility  
  97  6:10  Robotics Facility  
  99  6:13  Probe  
  86  6:38  Probe x2  
  78  6:40  Stalker x4  
  78  6:44  Gateway  
  78  6:45  Protoss Ground Weapons Level 1 (Chrono Boost), Gateway  
  78  6:49  Gateway  
  78  6:51  Gateway  
  78  6:52  Pylon  
  78  6:55  Immortal (Chrono Boost)  
  78  6:57  Shield Battery  
  78  6:59  Shield Battery  
  82  7:02  Immortal (Chrono Boost)  
  82  7:06  Probe  
  82  7:07  Probe x2  
  89  7:13  Sentry x3  
  89  7:14  Sentry  
  97  7:16  Pylon  
  97  7:19  Probe x3, Photon Cannon  
  100  7:24  Pylon  
  100  7:34  Warp Prism  
  100  7:35  Observer  
  103  7:40  Sentry x5  
  103  7:42  Stalker  
  115  7:45  Robotics Bay, Stalker  
  115  7:48  Stalker  
  115  7:50  Photon Cannon  
  119  7:52  Pylon  
  119  8:00  Probe  
  119  8:01  Probe  
  119  8:03  Stalker x2  
  124  8:07  Pylon  
  124  8:08  Pylon  
  124  8:11  Pylon  
  124  8:17  Pylon  
  124  8:27  Stalker x6  
  124  8:28  Stalker  
  124  8:30  Stalker  
  140  8:42  Disruptor (Chrono Boost)  
  140  8:44  Disruptor (Chrono Boost), Nexus  
  146  8:56  Charge (Chrono Boost)  
  146  8:59  Zealot x4  
  146  9:00  Zealot x2  
  158  9:13  Photon Cannon  
  158  9:14  Stalker x2  
  162  9:19  Disruptor (Chrono Boost)  
  163  9:24  Disruptor (Chrono Boost)  
  163  9:26  Zealot  
  163  9:27  Zealot  
  163  9:29  Photon Cannon  
  154  9:51  Fleet Beacon, Probe, Disruptor (Chrono Boost)  
  154  9:52  Probe x2  
  160  9:54  Assimilator, Protoss Ground Weapons Level 2 (Chrono Boost)  
  160  9:56  Disruptor (Chrono Boost)  
  163  10:00  Assimilator  
  163  10:02  Zealot  
  163  10:03  Zealot x3  
  163  10:04  Zealot  
  173  10:19  Gravitic Boosters (Chrono Boost)  
  173  10:21  Observer  
  172  10:24  Zealot x5  
  172  10:25  Zealot x2  
  172  10:27  Observer  
  175  10:30  Templar Archives  
  175  10:38  Stalker  
  175  10:41  Probe (Chrono Boost)  
  178  10:44  Shield Battery  
  178  10:49  Probe x2 (Chrono Boost)  
  180  10:50  Probe (Chrono Boost)  
  180  10:52  Pylon, Probe (Chrono Boost)  
  178  10:57  Disruptor x2 (Chrono Boost)  
  164  11:07  Zealot x3  
  164  11:08  Stalker x3  
  164  11:09  Stalker x2  
  164  11:11  Probe (Chrono Boost)  
  177  11:31  Observer  
  177  11:32  Zealot x6  
  187  11:42  Disruptor  
  187  11:46  Zealot  
  186  11:48  Zealot  
  186  12:01  Zealot x2  
  186  12:02  Disruptor  
  186  12:05  Pylon x2  
  178  12:08  Zealot x4  
  178  12:09  Zealot x2  
  182  12:18  Disruptor  
  167  12:35  Stalker, Zealot x4  
  167  12:36  Zealot x3  
  179  12:38  Disruptor  
  121  13:00  Zealot x8  
Show
View Real Time Build Order
Export as new Build Order

Solar Zerg - Winner!

Build Orders: Hatch First, Lurkers 

Get SALT Encoding   

  12  0:00  Drone  
  13  0:11  Overlord  
  13  0:17  Drone  
  14  0:30  Drone x2  
  16  0:47  Hatchery  
  15  0:51  Drone  
  15  0:55  Drone  
  17  0:58  Drone  
  18  1:09  Extractor  
  17  1:14  Spawning Pool  
  17  1:17  Drone  
  17  1:20  Drone  
  18  1:27  Drone  
  19  1:38  Drone  
  20  1:48  Overlord  
  20  2:01  Zergling x2, Queen x2  
  22  2:02  Zergling x2  
  26  2:11  Drone x2  
  26  2:15  Metabolic Boost  
  28  2:22  Drone x2  
  30  2:37  Hatchery  
  30  2:40  Drone  
  30  2:41  Drone  
  31  2:48  Queen  
  33  2:52  Overlord  
  33  2:57  Drone x2  
  35  3:00  Drone  
  36  3:10  Drone x5  
  41  3:20  Overlord  
  41  3:22  Drone  
  41  3:24  Queen  
  43  3:28  Overlord  
  43  3:32  Overlord, Spore Crawler  
  42  3:39  Drone x2  
  44  3:48  Drone  
  44  3:49  Queen, Drone x3  
  44  3:50  Drone  
  51  3:58  Zergling x6  
  51  4:00  Drone x2  
  56  4:03  Queen  
  56  4:08  Overlord, Drone  
  59  4:12  Overlord  
  59  4:13  Drone  
  60  4:18  Drone x3  
  62  4:26  Roach Warren, Drone x3  
  62  4:30  Lair  
  64  4:34  Spore Crawler  
  64  4:36  Extractor, Drone x2  
  64  4:38  Extractor, Drone x2  
  65  4:42  Zergling x6  
  65  4:45  Drone x2  
  69  4:48  Drone x2  
  71  4:53  Drone x2  
  71  4:54  Drone  
  71  4:55  Overlord  
  73  5:01  Zergling x10  
  73  5:03  Overlord  
  73  5:05  Extractor x2  
  76  5:10  Drone  
  76  5:11  Overlord  
  76  5:14  Drone  
  77  5:19  Drone x2  
  78  5:23  Drone x2, Evolution Chamber  
  78  5:26  Drone x2  
  78  5:27  Drone x2  
  82  5:29  Overseer  
  82  5:35  Extractor  
  81  5:37  Drone x4  
  81  5:38  Hydralisk Den  
  81  5:39  Overlord  
  83  5:47  Zergling x8  
  87  5:53  Overlord  
  87  5:56  Roach x6  
  96  5:59  Glial Reconstitution  
  96  6:00  Roach  
  96  6:03  Roach x2  
  100  6:05  Roach x3  
  100  6:09  Overlord  
  106  6:13  Roach x2  
  110  6:22  Roach  
  110  6:23  Overlord  
  110  6:28  Roach x3  
  110  6:31  Zergling x8  
  112  6:35  Drone x2  
  112  6:39  Drone  
  107  6:42  Drone x3  
  107  6:43  Drone  
  108  6:48  Drone  
  108  6:50  Drone  
  110  6:55  Drone, Infestation Pit  
  110  6:59  Drone  
  110  7:00  Overlord  
  111  7:05  Hatchery, Drone  
  110  7:09  Zerg Missile Weapons Level 1, Drone  
  110  7:11  Drone  
  112  7:17  Drone x4  
  112  7:22  Overlord, Drone x3  
  119  7:27  Lurker Den  
  119  7:29  Drone x2  
  120  7:32  Hive  
  120  7:38  Drone x2  
  120  7:39  Overseer  
  120  7:40  Grooved Spines, Extractor  
  120  7:41  Hydralisk x4  
  128  7:48  Hydralisk x4  
  128  7:50  Overlord  
  136  7:53  Zergling x4  
  136  7:56  Zergling x2  
  136  8:00  Ravager x3  
  136  8:02  Roach x2  
  136  8:03  Roach x2  
  136  8:05  Overlord  
  146  8:07  Overlord  
  146  8:10  Ravager x2  
  146  8:11  Ravager  
  146  8:12  Overlord  
  148  8:13  Zergling x2  
  148  8:16  Zergling x2  
  148  8:17  Zergling x2  
  151  8:21  Extractor  
  151  8:24  Queen  
  151  8:25  Lurker x4  
  156  8:27  Hydralisk  
  156  8:28  Roach  
  156  8:29  Zergling x2  
  156  8:30  Zergling x10  
  156  8:34  Roach x2  
  170  8:35  Ravager  
  170  8:41  Zergling x2, Ravager  
  166  8:42  Zergling x12  
  166  8:43  Ravager  
  166  8:45  Overlord  
  174  8:51  Seismic Spines  
  174  8:55  Zergling x4, Roach x3  
  182  9:00  Lurker  
  182  9:03  Overlord  
  182  9:04  Zergling x10  
  182  9:07  Zergling x8  
  191  9:12  Overlord  
  191  9:14  Overlord  
  191  9:18  Zerg Missile Weapons Level 2  
  191  9:21  Hydralisk x3  
  181  9:24  Hydralisk  
  181  9:25  Roach  
  181  9:28  Zergling x4  
  180  9:31  Drone  
  180  9:32  Drone x2  
  180  9:36  Viper x2  
  181  9:39  Drone  
  181  9:40  Drone x2  
  181  9:41  Drone  
  185  9:46  Drone  
  185  9:47  Drone  
  185  9:48  Adaptive Talons  
  185  9:49  Drone  
  188  9:54  Lurker x2  
  188  9:55  Spore Crawler  
  188  9:59  Hydralisk x2  
  189  10:00  Hydralisk  
  189  10:03  Zergling x8  
  193  10:34  Lurker x7  
  199  10:43  Hatchery  
  199  10:45  Hydralisk  
  194  10:59  Viper x2  
  194  11:02  Hydralisk x4  
  194  11:03  Zergling x2  
  198  11:05  Zergling x6  
  198  11:14  Zergling x4  
  190  11:29  Lurker x2  
  190  11:30  Hydralisk x8  
  190  11:31  Zergling x2  
  190  11:32  Zergling x14  
  199  11:34  Roach  
  199  11:39  Roach  
  198  11:43  Muscular Augments  
  198  11:45  Zergling x8  
  192  11:47  Roach x3  
  192  11:53  Zergling x14  
  195  12:06  Hydralisk x4  
  193  12:19  Roach x2  
  193  12:22  Roach x2  
  199  12:26  Extractor  
  199  12:28  Extractor  
  197  12:33  Hydralisk x2  
  197  12:35  Roach x2  
  199  12:40  Hydralisk  
  174  12:44  Hydralisk x14  
  174  12:46  Zergling x2  
Tags
 
Add a new tag
Caveats
  • Supply blocks, unpowered buildings, or Contaminate may cause inaccurate times.
  • Supply counts are checked every 10 seconds.